 Dungeon Crawl Stone Soup version 0.25-a0-930-g9f5dfa9815 (webtiles) character file.

Game seed: 10676048239035349124, levelgen mode: deterministic

38 Hasart the Insei (level 3, -2/23 HPs)
             Began as an Octopode Transmuter on May 3, 2020.
             Slain by a gnoll
             ... wielding a +0 spear
              (6 damage)
             ... on level 2 of the Dungeon.
             The game lasted 00:01:20 (1536 turns).

Hasart the Insei (Octopode Transmuter)              Turns: 1536, Time: 00:01:20

Health: -2/23      AC:  1    Str:  9    XL:     3   Next: 43%
Magic:  5/6        EV: 13    Int: 16    God:
Gold:   124        SH:  0    Dex: 12    Spells: 5/6 levels left

rFire    . . .     SeeInvis .     - Unarmed
rCold    . . .     Gourm    .   (no shield)
rNeg     . . .     Faith    .   (helmet restricted)
rPois    .         Spirit   .   (no amulet)
rElec    .         Reflect  .   (no ring)
rCorr    .         Harm     .   (no ring)
MR       .....                  (no ring)
Stlth    ++........             (no ring)
HPRegen  0.07/turn              (no ring)
MPRegen  0.10/turn              (no ring)
                                (no ring)
                                (no ring)

@: appendage
A: almost no armour, stealthy swim, amphibious, 8 rings, constrict 8, tentacle
spike 3, camouflage 1, gelatinous body 1
a: End Transformation


You were on level 2 of the Dungeon.
You were not hungry.
One of your tentacles had a temporary spike.
You visited 1 branch of the dungeon, and saw 2 of its levels.

You collected 124 gold pieces.

Inventory:

Missiles
 a - 12 arrows
Wands
 l - a wand of digging (7)
Scrolls
 b - 2 scrolls of fog {unknown}
 e - a scroll of noise {unknown}
 g - a scroll of immolation {unknown}
 h - a scroll of magic mapping {unknown}
 i - 7 scrolls of identify {unknown}
 j - a scroll of teleportation {unknown}
Potions
 d - 2 potions of might {unknown}
 f - 2 potions of cancellation {unknown}
 m - a potion of curing {unknown}
Comestibles
 c - 2 rations
 k - a chunk of flesh


   Skills:
 + Level 1.6 Fighting
 + Level 2.4 Dodging
 * Level 3.6 Unarmed Combat
 - Level 2.0 Spellcasting
 + Level 2.4 Transmutations


You had 5 spell levels left.
You knew the following spells:

 Your Spells              Type           Power        Failure   Level  Hunger
a - Beastly Appendage     Tmut           #.....       8%          1    #......

Your spell library contained the following spells:

 Spells                   Type           Power        Failure   Level  Hunger
 Sticks to Snakes         Tmut           #.......     12%         2    ###....
 Spider Form              Tmut/Pois      #.........   36%         3    ###....
 Ice Form                 Ice/Tmut       #.......     77%         4    #####..
 Blade Hands              Tmut           #.........   91%         5    ######.


Dungeon Overview and Level Annotations

Branches:
Dungeon (2/15)

Altars:


Innate Abilities, Weirdness & Mutations

You cannot wear most types of armour.
You are very stealthy in the water. (Stealth+)
You are amphibious.
You can wear up to eight rings at the same time.
You can use your tentacles to constrict eight enemies at once.
Your skin changes colour to match your surroundings (Stealth+).
Your rubbery body absorbs attacks. (AC +1, EV +1)
One of your tentacles bears a large vicious spike.


Message History

Casting: Beastly Appendage (safe; 9% risk of failure)
Confirm with . or Enter, or press ? or * to list all spells.
One of your tentacles grows a vicious spike.
The gnoll barely misses you.
You barely miss the gnoll. Your grab misses the gnoll.
The gnoll hits you from afar with a cursed -1 halberd.
You completely miss the gnoll. You grab the gnoll.
You pierce the gnoll.
You squeeze the gnoll.
The gnoll is severely wounded.
You constrict the gnoll. The gnoll hits you but does no damage.
You tentacle-slap the gnoll.
You kill the gnoll!
The gnoll hits you from afar with a cursed -1 halberd!
* * * LOW HITPOINT WARNING * * *
The gnoll barely misses you. x2
You see here a gnoll corpse.
You tentacle-slap the gnoll but do no damage.
Your grab misses the gnoll.
You pierce the gnoll, but do no damage.
The gnoll hits you from afar with a +0 spear.
You die...

## .## . ..#.# #.#.
... ##+# #.# ##...#
####.##### ##.....
#.@gg....# ##......
#.##.....###.......
#.##.......+.......
#.##.....###.......
#.##(#.#.# #......
#.##g### # ##.....
#.##(# ##...#
#.##g###g# ##'##
#.....!g.# #.#


You could see 2 gnolls.

Vanquished Creatures
  A gnoll (D:2)
  A dart slug (D:1)
  3 leopard geckos
  A giant cockroach (D:2)
  2 goblins
  2 hobgoblins
  3 bats
  A frilled lizard (D:1)
  6 kobolds
  8 rats
28 creatures vanquished.

Notes
Turn   | Place    | Note
-------+----------+-------------------------------------------
     0 | D:1      | Hasart the Octopode Transmuter began the quest for the Orb.
     0 | D:1      | Reached XP level 1. HP: 13/13 MP: 3/3
   268 | D:1      | Reached XP level 2. HP: 6/18 MP: 5/5
  1417 | D:2      | Reached XP level 3. HP: 23/23 MP: 6/6
  1536 | D:2      | Slain by a gnoll

Levels and vault maps discovered:
D:1:      denvon_arrival_planthouse, layout_basic
D:2:      layout_loops_corners, regret_index_temple_of_mockery, first_ration,
          minivault_26, glass_columns_b, minmay_tromino_i4

Action                   || total
-------------------------++-------
Melee: Unarmed           ||    58
       Constrict         ||    13
       Tentacles         ||     6
       Kick              ||     2
 Cast: Beastly Appendage ||     1
 Stab: Sleeping          ||     4
  Eat: Chunk             ||     2
Armor: Skin              ||     5
Dodge: Dodged            ||    31

Table legend:
 A = Non-vault XP
 B = Vault XP
 C = Vault XP percentage of total XP
 D = Non-vault monster count
 E = Vault monster count
 F = Vault count percentage of total count
                 A         B        C        D         E       F
            +---------+---------+-------+---------+---------+-------
      Total |      53 |       2 |   3.6 |      26 |       2 |   7.1
            +---------+---------+-------+---------+---------+-------
        D:1 |      22 |       0 |   0.0 |      15 |       0 |   0.0
        D:2 |      31 |       2 |   6.1 |      11 |       2 |  15.4
            +---------+---------+-------+---------+---------+-------
